 Dungeon Crawl Stone Soup version 0.30-a0-630-g881e3bac89 (webtiles) character file.

Game seed: 1832285094523740009

5544 Citaku the Protected (level 10, -3/90 HPs)
             Began as a Minotaur Fighter on Jan 13, 2023.
             Was an Initiate of Gozag.
             Slain by a ten-headed hydra (6 damage)
             ... on level 8 of the Dungeon.
             The game lasted 00:15:10 (7738 turns).

Citaku the Protected (Minotaur Fighter)             Turns: 7738, Time: 00:15:10

Health: -3/90      AC: 15    Str: 27    XL:     10   Next: 43%
Magic:  9/9        EV: 10    Int:  5    God:    Gozag
Gold:   131        SH: 11    Dex: 16    Spells: 9/9 levels left

rFire   + + +      SeeInvis .    a - +0 war axe (drain)
rCold   . . .      Faith    .    c - +0 buckler
rNeg    . . .      Spirit   .    b - +0 scale mail
rPois   .          Reflect  +    (helmet restricted)
rElec   .          Harm     .    s - +0 cloak
rCorr   .          Rampage  .    w - +2 pair of gloves
Will    .....                    t - +0 pair of boots Stlth
                                 h - amulet of reflection
HPRegen 0.35/turn                f - ring of protection from fire
MPRegen 0.11/turn                g - ring of the Final Decision {rF++ Str+2 Dex+6}

@: gold aura
A: horns 2, retaliatory headbutt
a: Renounce Religion, Potion Petition, Call Merchant, Bribe Branch


You were on level 8 of the Dungeon.
You worshipped Gozag.
Gozag was aware of your devotion.
You visited 2 branches of the dungeon, and saw 9 of its levels.
You also visited: Ossuary and Bailey.

You collected 1117 gold pieces.
You spent 795 gold pieces at shops.
You paid 191 gold pieces to Gozag.

Inventory:

Hand Weapons
 a - a +0 war axe of draining (weapon)
Missiles
 d - 2 throwing nets (quivered)
Armour
 b - a +0 scale mail (worn)
 c - a +0 buckler (worn)
 s - a +0 cloak (worn)
 t - a +0 pair of boots (worn)
 w - a +2 pair of gloves (worn)
Jewellery
 f - a ring of protection from fire (left hand)
 g - the ring of the Final Decision (right hand) {rF++ Str+2 Dex+6}
   (You bought it in a shop on level 4 of the Dungeon)

   [ring of dexterity]

   Str:       It affects your strength (+2).
   Dex:       It affects your dexterity (+6).
   rF:        It greatly protects you from fire.
 h - an amulet of reflection (around neck)
Wands
 n - a wand of mindburst (17)
 y - a wand of flame (44)
Scrolls
 i - 3 scrolls of vulnerability
 x - 3 scrolls of fog
Potions
 e - a potion of flight
 k - 5 potions of curing
 l - 3 potions of haste
 o - 2 potions of lignification
 q - a potion of cancellation
 u - a potion of resistance
 v - 4 potions of brilliance
 A - 2 potions of attraction


   Skills:
 + Level 8.4 Fighting
 * Level 11.1 Axes
 * Level 11.4 Armour
 + Level 8.4 Shields


You had 9 spell levels left.
You didn't know any spells.
Your spell library contained the following spells:

 Spells                   Type           Power      Damage    Failure   Level
 Kiss of Death            Conj/Necr      0%         2d5       77%         1
 Sting                    Tmut/Pois      0%         1d3       77%         1
 Poisonous Vapours        Pois/Air       0%         N/A       88%         2
 Sublimation of Blood     Necr           0%         N/A       88%         2
 Confusing Touch          Hex            0%         N/A       98%         3
 Frozen Ramparts          Ice            0%         1d1       98%         3
 Dispel Undead            Necr           0%         3d6       100%        4
 Ice Form                 Ice/Tmut       0%         N/A       100%        4
 Olgreb's Toxic Radiance  Pois           0%         N/A       100%        4
 Petrify                  Tmut/Erth      0%         N/A       100%        4
 Summon Ice Beast         Ice/Summ       0%         N/A       100%        4
 Irradiate                Conj/Tmut      0%         3d11      100%        5


Dungeon Overview and Level Annotations

Branches:
Dungeon (8/15)             Temple (1/1) D:5         Ossuary (visited)
 Bailey (visited)
   Lair: D:8-11

Altars:
Ashenzari
Cheibriados
Dithmenos
Elyvilon
Fedhas
Gozag
Hepliaklqana
Makhleb
Nemelex Xobeh
Okawaru
Qazlal
Ru
Sif Muna
Trog
Uskayaw
Wu Jian
Xom
The Shining One

Shops:
D:4 ?*==   D:6 ?

Annotations:
D:1 2 transporters


Innate Abilities, Weirdness & Mutations

You have a pair of horns on your head.
You reflexively headbutt those who attack you in melee.


Message History

Your bullfrog hits the eight-headed hydra.
You barely miss the eight-headed hydra. You headbutt the eight-headed hydra!
The eight-headed hydra is heavily wounded.
Your bullfrog closely misses the eight-headed hydra.
You block the eight-headed hydra's attack. x2
The eight-headed hydra barely misses you. x2
The eight-headed hydra bites you but does no damage. x2
The eight-headed hydra bites you. x2
* * * LOW HITPOINT WARNING * * *
You lop one of the eight-headed hydra's heads off!
The seven-headed hydra grows two more!
You slash the nine-headed hydra!
Your headbutt misses the nine-headed hydra.
The nine-headed hydra is heavily wounded.
Your bullfrog hits the nine-headed hydra.
The orc hits your bullfrog with a +0 mace.
The nine-headed hydra bites you.
* * * LOW HITPOINT WARNING * * *
The nine-headed hydra bites you but does no damage. x2
The nine-headed hydra bites you.
* * * LOW HITPOINT WARNING * * *
You block the nine-headed hydra's attack. x2
The nine-headed hydra bites you but does no damage.
The nine-headed hydra bites you.
* * * LOW HITPOINT WARNING * * *
The nine-headed hydra bites you.
* * * LOW HITPOINT WARNING * * *
Your bullfrog barely misses the nine-headed hydra.
You slice one of the nine-headed hydra's heads off!
The eight-headed hydra grows two more!
You slice the ten-headed hydra!! You headbutt the ten-headed hydra.
The ten-headed hydra is severely wounded.
The orc is no longer distracted by gold.
Your bullfrog hits the ten-headed hydra.
The orc hits your bullfrog with a +0 mace!
The ten-headed hydra misses you. The ten-headed hydra barely misses you.
The ten-headed hydra bites you.
* * * LOW HITPOINT WARNING * * *
The ten-headed hydra bites you.
You die...
Your body crumbles into a pile of gold.

#o..#.# ##.....#
##$...#....
##..#..# # #+#
#.o##..# ###.#
#o## ..# #...###F#
..# +.#)#.D.# ...
# #).@#...#.###
#)###.......
###'###..##.## ###
##.#.#.##..#.# ...
##.#.#.#.##... ...
##.#.#.#.#.##.##.#
#.#.#.#.#.#.#....#
$##.#.#.#.#.##..#
+.#.#.#.#.#.'..#


You could see a ten-headed hydra (drained, ally target), 2 orcs and a friendly
bullfrog (summoned).

Vanquished Creatures
  Pikel (D:7)
  An orc knight (Bailey)
  Maggie (D:7)
  4 steam dragons
  A water moccasin (D:8)
  2 orc warriors
  A sky beast (D:7)
  5 ice beasts
  3 black bears
  An ogre (D:5)
  2 centaurs
  A lemure (D:7)
  4 phantoms
  Blork the orc (D:5)
  8 kobold brigands
  A bullfrog (D:6)
  A necrophage (D:6)
  2 gnoll sergeants (D:8)
  4 scorpions
  A killer bee (D:8)
  A howler monkey (D:7)
  3 jellies
  3 orc priests
  3 hounds
  4 iguanas
  Natasha (twice) (D:2)
  9 orc wizards
  8 mummies (Ossuary)
  4 gnolls (D:8)
  4 adders
  A shadow imp (D:7)
  2 white imps
  2 dart slugs
  20 orcs
  7 ball pythons
  2 bats
  15 endoplasms
  A giant cockroach (D:2)
  9 goblins
  4 hobgoblins
  6 jackals
  3 quokkas
  6 frilled lizards
  A gnoll zombie (Ossuary)
  3 hobgoblin zombies (Ossuary)
  16 kobolds
  A kobold zombie (Ossuary)
  3 orc zombies (Ossuary)
  5 rats
193 creatures vanquished.

Vanquished Creatures (others)
  An orc wizard (D:7)
1 creature vanquished.

Grand Total: 194 creatures vanquished

Notes
Turn   | Place    | Note
-------+----------+-------------------------------------------
     0 | D:1      | Citaku the Minotaur Fighter began the quest for the Orb.
     0 | D:1      | Reached XP level 1. HP: 19/19 MP: 0/0
   164 | D:1      | Reached XP level 2. HP: 27/27 MP: 1/1
   564 | D:2      | Reached XP level 3. HP: 33/33 MP: 2/2
   731 | D:2      | Found a faded altar of an unknown god.
  1050 | D:2      | Noticed Natasha
  1061 | D:2      | Killed Natasha
  1062 | D:2      | Reached XP level 4. HP: 3/40 MP: 3/3
  1272 | D:2      | Noticed Natasha
  1283 | D:2      | Killed Natasha
  1650 | D:3      | Found a broken altar of Ashenzari.
  1704 | D:3      | Found a sparkling altar of Nemelex Xobeh.
  1871 | D:3      | Found an ornate altar of the Wu Jian Council.
  1910 | D:3      | Found a burning altar of Makhleb.
  1993 | D:4      | Found Ileezeekk's Jewellery Emporium.
  2024 | D:4      | Found Qinnink's Jewellery Shop.
  2122 | D:4      | Found a hazy altar of Hepliaklqana.
  2149 | D:4      | Reached skill level 5 in Armour
  2149 | D:4      | Reached XP level 5. HP: 27/47 MP: 4/4
  2332 | D:4      | Found Xufupt's Assorted Antiques.
  2560 | D:4      | Found Topnahul's Magic Scroll Shoppe.
  2623 | D:5      | Entered Level 5 of the Dungeon
  2623 | D:5      | Noticed an ice beast
  2629 | D:5      | Killed an ice beast
  2630 | D:5      | Reached skill level 5 in Axes
  2630 | D:5      | Reached XP level 6. HP: 51/53 MP: 5/5
  2702 | D:5      | Noticed Blork the orc
  2712 | D:5      | Reached skill level 5 in Fighting
  2712 | D:5      | Reached skill level 5 in Shields
  2717 | D:5      | Killed Blork the orc
  2718 | D:5      | Reached XP level 7. HP: 38/61 MP: 6/6
  3173 | D:5      | Found a sand-covered staircase.
  3184 | Ossuary  | Entered an ossuary
  3378 | Ossuary  | Reached XP level 8. HP: 58/70 MP: 7/7
  3640 | D:5      | Found a staircase to the Ecumenical Temple.
  3649 | Temple   | Entered the Ecumenical Temple
  3854 | D:5      | Found an iron altar of Okawaru.
  4010 | D:6      | Found Kituonup's Magic Scroll Boutique.
  4044 | D:6      | Bought a scroll of identify for 28 gold pieces
  4044 | D:6      | Bought a scroll of identify for 28 gold pieces
  4044 | D:6      | Bought a scroll of identify for 28 gold pieces
  4510 | D:6      | Found a snail-covered altar of Cheibriados.
  4510 | D:6      | Found a shimmering altar of Xom.
  4608 | D:6      | Reached XP level 9. HP: 55/78 MP: 8/8
  5599 | D:7      | Found an opulent altar of Gozag.
  5607 | D:7      | Became a worshipper of Gozag Ym Sagoz the Greedy
  5787 | D:7      | Found a flagged portal.
  5816 | Bailey   | Entered a bailey
  6045 | Bailey   | Noticed an orc knight
  6067 | Bailey   | Killed an orc knight
  6068 | Bailey   | Reached skill level 10 in Armour
  6076 | Bailey   | Found a burning altar of Makhleb.
  6187 | D:7      | Reached skill level 10 in Axes
  6216 | D:7      | Noticed Maggie
  6235 | D:7      | Killed Maggie
  6333 | D:7      | Found a white marble altar of Elyvilon.
  6372 | D:7      | Noticed Pikel
  6383 | D:7      | Killed Pikel
  6384 | D:7      | Reached XP level 10. HP: 72/88 MP: 9/9
  7344 | D:4      | Bought the ring of the Final Decision {rF++ Str+2 Dex+6}
                  | for 711 gold pieces
  7716 | D:8      | Noticed a six-headed hydra
  7738 | D:8      | HP: 3/90 [ten-headed hydra (6)]
  7738 | D:8      | Slain by a ten-headed hydra

Illustrated notes

Levels and vault maps discovered:
D:1:      spicycebolla_arrival_transporter_tutorial, layout_basic
D:2:      minmay_wonky_spiral, layout_rooms, basic_ecumenical_altar,
          uniq_natasha
D:3:      layout_basic, nemelex_xobeh_ov_fountains_minmay,
          mainiacjoe_overflow_small_starburst, lightli_temple_of_fire,
          nzn_wu_jian_contemplation
D:4:      cheibrodos_helix_gallery, layout_basic,
          mainiacjoe_overflow_concentric_impassable, serial_shops,
          nicolae_shop_behind_doors, nicolae_shop_advertising_works
          [nicolae_subvault_shop_adworks], shop, nicolae_shop_window_shopping
D:5:      wander_river, layout_basic, kennysheep_okawaru_gauntlet,
          minmay_temple_entry_statues_fountains, enter_ossuary_1,
          uniq_blork_the_orc
D:6:      layout_layer_cave, mainiacjoe_overflow_large_starburst, serial_shops,
          shop, moated_statue, minmay_bent
D:7:      layout_basic, grunt_gozag_breadcrumbs, elyvilon_altar_5,
          enter_bailey_5, uniq_maggie, uniq_pikel
D:8:      minmay_the_grid_octo_tiled_octocenter [minmay_the_grid_octo_shrine,
          minmay_the_grid_octo_checkered, minmay_the_grid_octo_77,
          minmay_the_grid_octo_pinwheel, minmay_the_grid_octo_prize_star,
          minmay_the_grid_square_5x5_checkered_statues,
          minmay_the_grid_square_5x5_detours,
          minmay_the_grid_square_5x5_sharp_hourglass,
          minmay_the_grid_square_5x5_pentomino_r], layout_basic,
          kennysheep_vampire_church
Temple:   hellmonk_temple_beads

Skill      XL: |  1  2  3  4  5  6  7  8  9 10 |
---------------+-------------------------------+-----
Axes           | 3 4 5 6 8 10 11 | 11.1
Armour         | 4 5 6 7 8 10 11 | 11.4
Fighting       | 4 5 6 8 |  8.4
Shields        | 4 5 6 8 |  8.4

Action                   |  1- 3 |  4- 6 |  7- 9 | 10-12 || total
-------------------------+-------+-------+-------+-------++-------
Melee: War axe           |    72 |    77 |   253 |    72 ||   474
       Headbutt          |     6 |    17 |    43 |    17 ||    83
Evoke: Wand              |       |       |       |     1 ||     1
  Use: Scroll            |       |       |    21 |     4 ||    25
       Potion            |       |       |     3 |     2 ||     5
Armor: Scale mail        |    43 |    37 |   141 |    64 ||   285
Dodge: Dodged            |    42 |    29 |    83 |    45 ||   199
Block: Buckler           |    42 |    47 |   139 |    70 ||   298
       Reflection        |     1 |     1 |    18 |     4 ||    24

Table legend: (Time is in decaauts)
 A = Elapsed time spent in this place.
 B = Non-inter-level travel time spent in this place.
 C = Inter-level travel time spent in this place.
 D = Time resting spent in this place.
 E = Time spent auto-exploring this place.
 F = Levels seen in this place.
 G = Mean time per level.
                   A        B        C        D        E       F      G
               +--------+--------+--------+--------+--------+-----+--------+
         Total |   7843 |   7545 |    298 |    112 |   5537 |  11 |  713.0 |
       Dungeon |   6983 |   6685 |    298 |      0 |   5087 |   8 |  872.9 |
        Temple |    114 |    114 |      0 |      0 |     92 |   1 |  114.0 |
       Ossuary |    413 |    413 |      0 |      2 |    283 |   1 |  413.0 |
        Bailey |    331 |    331 |      0 |    110 |     75 |   1 |  331.0 |
               +--------+--------+--------+--------+--------+-----+--------+

Top non-repeatable levels by time:
     D:6: 1601 daAuts
     D:7: 1318 daAuts
     D:2: 931 daAuts
     D:5: 930 daAuts
     D:4: 774 daAuts
     D:1: 569 daAuts
     D:3: 527 daAuts
 Ossuary: 413 daAuts
  Bailey: 331 daAuts
     D:8: 331 daAuts
  Temple: 114 daAuts
